cohdb
Replays
Latest Replays
All Replays
Popular Replays
Top Player Replays
Match Explorer
How It Works
Community
CoH3 Stats
Reddit
Sign in to upload your games and track your stats! →
Sign in with Steam
Match 25269947
Unlisted
Match 25269947
Overview
Messages
Build Orders
End
Pioneer Squad
Construct Infanterie Kompanie
Pioneer Squad
Selects Italian Coastal Battlegroup
Selects Coastal Reserves
MG 42 Machine Gun Team
MG 42 Machine Gun Team
MG 42 Machine Gun Team
Infanterie Officer Quarters
Medical Station
GrW 34 Mortar Team
MG 42 Machine Gun Team
Construct Panzergrenadier Kompanie
Selects Artillery Officer
Support Elements
Selects Coastal Wall
Nebelwerfer 42 Rocket Launcher Team
MG 42 Bunker
StuG III G Assault Gun
Selects Support Bunkers
MG 42 Bunker
Selects Designated Artillery Overwatch
MG 42 Bunker
MG 42 Bunker
Nebelwerfer 42 Rocket Launcher Team
Selects Bulwark
gl & hf
^3
0
0
Comments
sign in to comment!
No comments posted yet!